 Dungeon Crawl Stone Soup version 0.25.1-1-g288607f5aa (webtiles) character file.

Game seed: 15783732425614759162

611740 Peloso the Minotaur Barricade (level 26, -4/266 HPs)
             Began as a Minotaur Fighter on July 18, 2020.
             Was the Champion of Okawaru.
             Slain by a black draconian
             ... wielding a +0 battleaxe
              (12 damage)
             ... on level 1 of the Realm of Zot.
             The game lasted 03:32:53 (77276 turns).

Peloso the Minotaur Barricade (Minotaur Fighter)   Turns: 77276, Time: 03:32:53

Health: -4/266     AC: 42    Str: 33    XL:     26   Next: 78%
Magic:  26/26      EV: 15    Int: 10    God:    Okawaru [******]
Gold:   6296       SH: 30    Dex: 23    Spells: 25/25 levels left

rFire    + + .     SeeInvis +   a - +9 double sword (flame)
rCold    + . .     Gourm    .   c - +1 tower shield {AC+3}
rNeg     + + +     Faith    .   J - +10 gold dragon scales
rPois    +         Spirit   .   O - +0 hat {MR+}
rElec    +         Reflect  .   N - scarf {rC+ rF+}
rCorr    +         Harm     .   X - +0 pair of gloves {Str+3}
MR       +++++     Clarity  +   W - +1 pair of boots of Crawling {rPois rC- rCorr Int+3}
Stlth    ..........             w - amulet of the Four Winds {rN+ MR+++ Clar}
HPRegen  0.54/turn              G - ring of the Sun {rN+ Dex+4 SInv}
MPRegen  0.20/turn              A - ring of the Dragon {rElec rN+ Dex+4 Slay+2}

@: about to teleport
A: retaliatory headbutt, horns 2, agile 1, clever 1, magic resistance 1
}: 3/15 runes: decaying, serpentine, silver
a: Heroism, Finesse, Renounce Religion


You were on level 1 of the Realm of Zot.
You worshipped Okawaru.
Okawaru was exalted by your worship.
You were hungry.

You visited 11 branches of the dungeon, and saw 49 of its levels.
You also visited: Ossuary, Gauntlet and Ice Cave.

You collected 8021 gold pieces.
You spent 1725 gold pieces at shops.

Inventory:

Hand Weapons
 a - a +9 double sword of flaming (weapon)
 b - a +1 double sword of draining
Armour
 c - a +1 tower shield of protection (worn)
 J - +10 gold dragon scales (worn)
 N - a scarf of resistance (worn)
 O - a +0 hat of magic resistance (worn)
 W - the +1 pair of boots of Crawling (worn) {rPois rC- rCorr Int+3}
   (Okawaru gifted it to you on level 2 of the Lair of Beasts)

   It affects your intelligence (+3).
   It makes you vulnerable to cold.
   It protects you from poison.
   It provides partial protection from all sources of acid and corrosion.
 X - a +0 pair of gloves of strength (worn)
Jewellery
 w - the amulet of the Four Winds (around neck) {rN+ MR+++ Clar}
   (You took it off a deep elf annihilator on level 3 of the Elven Halls)

   [amulet of nothing]

   It protects you from negative energy.
   It affects your resistance to hostile enchantments.
   It protects you against confusion.
 y - an uncursed amulet of reflection
 A - the ring of the Dragon (right hand) {rElec rN+ Dex+4 Slay+2}
   (You found it on level 3 of the Crypt)

   [ring of positive energy]

   It affects your dexterity (+4).
   It affects your accuracy and damage with ranged weapons and melee attacks
   (+2).
   It insulates you from electricity.
   It protects you from negative energy.
 B - the amulet of the Quahog {rElec rPois Regen+ MP-9 SInv}
   (You bought it in a shop on level 2 of the Orcish Mines)

   [amulet of regeneration]

   It insulates you from electricity.
   It protects you from poison.
   It affects your magic capacity (-9).
   It lets you see invisible.
   It increases your rate of regeneration.
 G - the ring of the Sun (left hand) {rN+ Dex+4 SInv}
   (You bought it in a shop on level 2 of the Orcish Mines)

   [ring of positive energy]

   It affects your dexterity (+4).
   It protects you from negative energy.
   It lets you see invisible.
 Q - an uncursed ring of flight
Wands
 K - a wand of random effects (36)
 T - a wand of digging (2)
Scrolls
 g - 2 scrolls of enchant weapon
 h - 29 scrolls of teleportation
 j - a scroll of enchant armour
 k - 7 scrolls of identify
 m - 40 scrolls of remove curse
 s - 8 scrolls of magic mapping
 v - 7 scrolls of blinking
 x - 3 scrolls of fear
Potions
 d - 11 potions of might
 e - a potion of stabbing
 i - 6 potions of heal wounds
 l - a potion of invisibility
 n - 2 potions of mutation
 o - 2 potions of brilliance
 p - a potion of magic
 q - 7 potions of haste
 t - a potion of resistance
 z - 4 potions of berserk rage
 F - 2 potions of flight
 H - 22 potions of curing
Comestibles
 f - 79 rations
 r - 4 chunks of flesh


   Skills:
 O Level 27 Fighting
 O Level 27 Long Blades
 + Level 23.2 Armour
 + Level 9.2 Dodging
 + Level 5.1 Stealth
 O Level 27 Shields
 + Level 6.1 Invocations
 + Level 2.2 Evocations


You had 25 spell levels left.
You didn't know any spells.
Your spell library contained the following spells:

 Spells                   Type           Power        Failure   Level  Hunger
 Animate Skeleton         Necr           N/A          93%         1    ##.....
 Apportation              Tloc           #.....       93%         1    ##.....
 Beastly Appendage        Tmut           #.....       93%         1    ##.....
 Corona                   Hex            #......      93%         1    ##.....
 Foxfire                  Conj/Fire      #...         93%         1    ##.....
 Freeze                   Ice            #...         93%         1    ##.....
 Infusion                 Chrm           #...         93%         1    ##.....
 Magic Dart               Conj           #...         93%         1    ##.....
 Sandblast                Erth           #.....       93%         1    ##.....
 Shock                    Conj/Air       #...         93%         1    ##.....
 Sting                    Tmut/Pois      #...         93%         1    ##.....
 Summon Butterflies       Summ           #.......     93%         1    ##.....
 Summon Small Mammal      Summ           #...         93%         1    ##.....
 Blink                    Tloc           N/A          98%         2    ###....
 Call Imp                 Summ           #.......     98%         2    ###....
 Poisonous Vapours        Pois/Air       #.....       98%         2    ###....
 Searing Ray              Conj           #.....       98%         2    ###....
 Shroud of Golubria       Chrm/Tloc      #.....       98%         2    ###....
 Slow                     Hex            #.......     98%         2    ###....
 Song of Slaying          Chrm           #.......     98%         2    ###....
 Sticks to Snakes         Tmut           #.......     98%         2    ###....
 Swiftness                Chrm/Air       #.......     98%         2    ###....
 Conjure Flame            Conj/Fire      #.......     100%        3    ####...
 Dazzling Flash           Conj/Hex       #.....       100%        3    ####...
 Frozen Ramparts          Ice            #.....       100%        3    ####...
 Ignite Poison            Fire/Tmut/Pois #.......     100%        3    ####...
 Inner Flame              Hex/Fire       #.......     100%        3    ####...
 Lesser Beckoning         Tloc           #.........   100%        3    ####...
 Mephitic Cloud           Conj/Pois/Air  #.......     100%        3    ####...
 Ozocubu's Armour         Chrm/Ice       #.......     100%        3    ####...
 Recall                   Summ/Tloc      N/A          100%        3    ####...
 Spectral Weapon          Hex/Chrm       #.......     100%        3    ####...
 Spider Form              Tmut/Pois      #.........   100%        3    ####...
 Static Discharge         Conj/Air       #.......     100%        3    ####...
 Summon Guardian Golem    Hex/Summ       #.......     100%        3    ####...
 Tukima's Dance           Hex            #.......     100%        3    ####...
 Airstrike                Air            #.........   100%        4    #####..
 Animate Dead             Necr           N/A          100%        4    #####..
 Cause Fear               Hex            #.........   100%        4    #####..
 Fulminant Prism          Conj/Hex       #.........   100%        4    #####..
 Hailstorm                Conj/Ice       #.......     100%        4    #####..
 Ice Form                 Ice/Tmut       #.......     100%        4    #####..
 Iskenderun's Mystic Bla  Conj/Tloc      #.......     100%        4    #####..
 Olgreb's Toxic Radiance  Pois           #.......     100%        4    #####..
 Sticky Flame             Conj/Fire      #.......     100%        4    #####..
 Summon Ice Beast         Ice/Summ       #.......     100%        4    #####..
 Alistair's Intoxication  Tmut/Pois      #.......     100%        5    ######.
 Blade Hands              Tmut           #.........   100%        5    ######.
 Bolt of Magma            Conj/Fire/Erth #.........   100%        5    ######.
 Borgnjor's Vile Clutch   Necr/Erth      #.........   100%        5    ######.
 Fireball                 Conj/Fire      #.........   100%        5    ######.
 Iskenderun's Battlesphe  Conj/Chrm      #.......     100%        5    ######.
 Lightning Bolt           Conj/Air       #.........   100%        5    ######.
 Metabolic Englaciation   Hex/Ice        #.........   100%        5    ######.
 Death Channel            Necr           #.........   100%        6    #######
 Freezing Cloud           Conj/Ice/Air   #.........   100%        6    #######
 Invisibility             Hex            #.......     100%        6    #######
 Iron Shot                Conj/Erth      #.........   100%        6    #######
 Ozocubu's Refrigeration  Ice            #.........   100%        6    #######
 Simulacrum               Ice/Necr       #.........   100%        6    #######
 Dragon Form              Tmut           #.........   100%        7    #######
 Orb of Destruction       Conj           #.........   100%        7    #######
 Ring of Flames           Chrm/Fire      #.........   100%        7    #######
 Spellforged Servitor     Conj/Summ      #.........   100%        7    #######
 Dragon's Call            Summ           #.........   100%        9    #######
 Shatter                  Erth           #.........   100%        9    #######


Dungeon Overview and Level Annotations

Branches:
Dungeon (15/15)            Temple (1/1) D:5            Lair (6/6) D:8
  Swamp (4/4) Lair:2        Snake (4/4) Lair:2        Slime (0/5) Lair:6
    Orc (2/2) D:11            Elf (3/3) Orc:2        Vaults (5/5) D:13
  Crypt (3/3) Vaults:2       Tomb (0/3) Crypt:3      Depths (5/5) D:15
    Zot (1/5) Depths:5    Ossuary (visited)           IceCv (visited)
Gauntlet (visited)

Altars:
Ashenzari
Cheibriados
Dithmenos
Elyvilon
Fedhas
Gozag
Hepliaklqana
Kikubaaqudgha
Makhleb
Nemelex Xobeh
Okawaru
Qazlal
Ru
Sif Muna
Trog
Uskayaw
Vehumet
Wu Jian
Xom
Yredelemnul
Zin
The Shining One
Beogh
Jiyva

Shops:
Orc:2 [=(**   Vaults:3 =   Depths:1 %[   Depths:3 ?

Portals:
Hell: Depths:1 Depths:2 Depths:3 Depths:4 Depths:5
Abyss: Depths:4
Pandemonium: Depths:3
Ziggurat: Depths:4
Trove: Elf:1 (give 5 scrolls of fear)

Annotations:
Zot:1 1 transporter


Innate Abilities, Weirdness & Mutations

You reflexively headbutt those who attack you in melee.
You have a pair of horns on your head.
You are agile. (Dex +2)
Your mind is acute. (Int +2)
You are resistant to hostile enchantments. (MR+)


Message History

The white draconian shifter hits you but does no damage.
You closely miss the white draconian shifter.
Your headbutt misses the white draconian shifter.
You block the black draconian knight's attack.
The red draconian monk misses you.
You riposte.
You closely miss the red draconian monk.
The red draconian monk is moderately wounded.
The red draconian monk kicks you but does no damage.
You block the red draconian monk's attack.
You cut the white draconian shifter into ribbons!!!
You burn the white draconian shifter.
The white draconian shifter is heavily wounded.
You hear a roar!
You block the white draconian shifter's attack.
The red draconian monk hits you!!
* * * LOW HITPOINT WARNING * * *
You block the red draconian monk's attack.
The red draconian monk tail-slaps you but does no damage.
The black draconian hits you with a +0 battleaxe!
You die...

'# .. ...##
... .....##
...##
#..qd##..#.#
#qd##...#
##@q#...##
#dq#....#
#.......#
#..#....##
#..#.....# ##
#..##.#....#
.#
...##..#..#.#
.# ^.###...#
.# .# .######
.###...##...#
.


You could see a red draconian monk (berserk), a black draconian knight (fast,
icy armour, invisible), 2 draconians, a purple draconian and 2 draconians.

Vanquished Creatures
  Mara (Swamp:4)
  Mennas (Vaults:3)
  An ancient lich (Vaults:4)
  4 juggernauts
  Bai Suzhen (Vaults:4)
  Frederick (Crypt:2)
  Margery (Vaults:3)
  The ghost of Woadakig the Executioner, a veteran FoFi of Dithmenos (Crypt:3)
  the Lernaean hydra (Swamp:4)
  A caustic shrike (Depths:2)
  Saint Roka (Crypt:3)
  4 golden dragons
  the Enchantress (Depths:4)
  Jory (Crypt:1)
  6 tentacled monstrosities
  The ghost of Ykky the Severer, an adept VSGl of the Shining One (Depths:5)
  4 liches
  Asterion (Depths:3)
  2 deep elf blademasters
  A deep elf master archer (Elf:3)
  3 titans
  2 ancient champions (Crypt:3)
  2 quicksilver dragons
  6 sphinxes
  2 death cobs (Zot:1)
  7 thorn hunters
  Frances (Elf:1)
  8 shadow dragons
  8 storm dragons
  Kirke (Swamp:4)
  The ghost of Segg the Thaumaturge, an adept GnSk of Makhleb (Orc:1)
  Donald (Swamp:4)
  7 tengu reavers
  3 revenants (Crypt:3)
  9 nagarajas
  23 frost giants
  14 fire giants
  A ghost moth (Crypt:3)
  11 deep elf sorcerers
  3 orc warlords
  4 iron dragons
  8 vault wardens
  Aizul (Vaults:3)
  2 draconian scorchers (Zot:1)
  4 deep elf elementalists
  4 curse skulls
  2 draconian shifters
  11 ironheart preservers
  10 ghouls
  The ghost of Kuerar the Basher, a journeyman BaFi of Cheibriados (Lair:4)
  4 spriggan defenders
  A reaper (Crypt:2)
  A draconian annihilator (Zot:1)
  2 entropy weavers (Vaults:4)
  17 stone giants
  2 war gargoyles (Vaults:4)
  29 very ugly things
  3 black draconians
  13 vampire knights
  A green draconian (Zot:1)
  10 deep elf annihilators
  A dire elephant (D:15)
  Azrael (Elf:1)
  3 purple draconians (Zot:1)
  3 deep elf demonologists
  3 white draconians (Zot:1)
  A minotaur (Gauntlet)
  7 yellow draconians
  A spectral titan (Crypt:3)
  A spark wasp (shapeshifter) (Vaults:4)
  2 spark wasps (Depths:4)
  13 eidola
  8 deep elf death magi
  15 ettins
  A crystal guardian (Vaults:4)
  A spectral quicksilver dragon (Crypt:3)
  A merfolk javelineer (Depths:4)
  15 fire dragons
  A spectral golden dragon (Crypt:3)
  8 jiangshi
  5 deep elf high priests
  14 yaktaur captains
  15 ice dragons
  11 great orbs of eyes
  The ghost of Qoesoec the Basher, a journeyman GrFi of Okawaru (Lair:2)
  7 naga warriors
  27 vault guards
  6 rakshasas
  7 spriggan air magi
  4 shambling mangroves
  5 death knights
  14 anacondas
  3 spectral stone giants (Crypt:3)
  22 hydras
  13 ogre magi
  18 alligators
  9 centaur warriors
  9 tengu warriors
  3 death yaks (Lair:5)
  34 dancing weapons
  26 two-headed ogres
  12 deep troll shamans
  13 deep troll earth magi
  The ghost of wojtek the Cardsharp, a novice DsGl of Nemelex Xobeh (D:9)
  Urug (D:13)
  A spectral dire elephant (Crypt:3)
  3 orc high priests
  12 naga sharpshooters
  6 spriggan berserkers
  2 spectral storm dragons (Crypt:3)
  12 shock serpents
  15 vampire magi
  25 spriggans
  22 deep elf knights
  A fire crab (shapeshifter) (Vaults:4)
  28 slime creatures
  18 skeletal warriors
  2 titan skeletons
  6 shadow wraiths
  2 sea snakes (Snake:1)
  8 salamander mystics
  2 iron trolls (Depths:4)
  A fire crab (Gauntlet)
  2 quicksilver dragon simulacra (Crypt:3)
  2 storm dragon skeletons
  19 hell knights
  12 flayed ghosts
  2 spectral anacondas (Crypt:3)
  A swamp dragon (shapeshifter) (Gauntlet)
  A deep troll (shapeshifter) (Vaults:4)
  25 deep trolls
  6 wizards
  6 naga ritualists
  4 glowing orange brains
  16 ironbrand convokers
  12 deep elf archers
  18 swamp dragons
  An anaconda skeleton (Crypt:2)
  17 necromancers
  A shadow dragon skeleton (Crypt:1)
  11 mana vipers
  23 phantasmal warriors
  4 lindwurms (Snake:4)
  An iron dragon zombie (Crypt:3)
  3 wolf spider zombies
  8 wolf spiders
  65 ugly things
  5 cyclopes
  4 orc sorcerers
  A spectral ice dragon (Crypt:3)
  14 orc knights
  A mana viper (shapeshifter) (Depths:5)
  61 deep elf magi
  21 salamanders
  A spectral ettin (Crypt:3)
  6 oklob plants
  3 manticores
  A sphinx skeleton (Depths:4)
  2 cyclopes (shapeshifter)
  A spectral shock serpent (Crypt:3)
  9 elephants
  25 naga magi
  5 moths of wrath
  4 fire giant skeletons
  2 ice statues (IceCv)
  A stone giant skeleton (Crypt:3)
  3 human skeletons
  A guardian serpent (shapeshifter) (Vaults:3)
  15 vault sentinels
  34 black mambas
  6 guardian serpents
  12 spiny frogs
  2 gargoyles
  An elephant slug zombie (Crypt:1)
  2 yellow draconian zombies (Crypt:3)
  2 rime drakes (shapeshifter)
  2 kobold demonologists
  A titan simulacrum (Depths:4)
  A storm dragon simulacrum (Crypt:2)
  3 centaur skeletons
  44 yaktaurs
  4 rime drakes
  A grey draconian skeleton (Crypt:2)
  5 komodo dragons
  3 minotaur zombies (Gauntlet)
  22 freezing wraiths
  2 ice devils (Lair:5)
  A red draconian skeleton (Crypt:3)
  9 trolls
  A meliai (shapeshifter) (Depths:4)
  11 tengu conjurers
  A jumping spider (shapeshifter) (Vaults:4)
  6 tyrant leeches
  19 hornets
  A green draconian skeleton (Crypt:2)
  A wind drake (shapeshifter) (Gauntlet)
  2 fire dragon zombies (Crypt:3)
  A dream sheep (Lair:6)
  12 bog bodies
  8 hippogriffs
  A meliai zombie (D:13)
  6 polar bears
  A stone giant simulacrum (Crypt:3)
  12 blink frogs
  3 raiju (shapeshifter)
  A hydra skeleton (Crypt:2)
  2 hippogriffs (shapeshifter)
  3 flying skulls (Crypt:1)
  An ettin skeleton (Vaults:5)
  A frost giant simulacrum (Crypt:3)
  An alligator skeleton (Crypt:2)
  10 shadows
  A centaur simulacrum (D:9)
  A wind drake zombie (Crypt:2)
  A guardian serpent skeleton (Crypt:2)
  A spriggan (shapeshifter) (D:14)
  2 tarantellas (shapeshifter)
  4 wyverns
  2 air elementals
  A hog (shapeshifter) (Vaults:1)
  2 water elementals (Depths:4)
  8 wraiths
  2 yaks (shapeshifter)
  24 yaks
  5 basilisks
  6 hungry ghosts
  4 fire bats (Gauntlet)
  5 fire elementals
  4 hogs (D:7)
  17 humans
  12 vampire mosquitoes
  10 insubstantial wisps (Swamp:4)
  A spectral spiny frog (Crypt:3)
  13 swamp worms
  10 wargs
  37 nagas
  6 acid dragons
  A spiny frog zombie (Crypt:2)
  A spectral snapping turtle (Crypt:3)
  A hydra simulacrum (Crypt:3)
  7 porcupines
  2 floating eyes
  14 water moccasins
  A spectral troll (Orc:1)
  4 hell hounds (Elf:1)
  46 orc warriors
  15 ice beasts
  6 sky beasts
  2 eyes of draining
  A deep troll skeleton (Vaults:5)
  12 swamp drakes
  An ice beast (shapeshifter) (Gauntlet)
  An elf simulacrum (Depths:4)
  An eye of draining (shapeshifter) (Depths:2)
  43 ogres
  5 black bears
  5 necrophages
  6 phantoms
  43 wolves
  A wolf (shapeshifter) (Depths:5)
  9 boggarts
  An ogre (shapeshifter) (Vaults:3)
  28 centaurs
  13 crocodiles
  A rime drake zombie (Crypt:3)
  A human zombie (Vaults:2)
  6 big kobolds
  An elf zombie (Ossuary)
  A rime drake skeleton (Crypt:1)
  20 bullfrogs
  An elf skeleton (Crypt:2)
  5 earth elementals
  2 spectral wargs (Orc:1)
  A water moccasin zombie (D:8)
  3 gnoll sergeants
  A glowing shapeshifter simulacrum (Vaults:3)
  3 wyvern zombies
  7 scorpions
  14 killer bees
  10 wights
  4 howler monkeys
  An electric eel (Snake:1)
  5 hounds
  9 lava snakes (Snake:2)
  A spectral bullfrog (D:9)
  12 crimson imps
  A quasit (D:11)
  6 centaur zombies
  23 orc priests
  3 bullfrog zombies
  8 jellies
  33 orc wizards
  Crazy Yiuf (D:5)
  2 bullfrog skeletons
  3 iguanas
  4 worker ants
  A spectral orc (Orc:1)
  2 killer bee zombies
  A big kobold zombie (Ossuary)
  A sky beast zombie (Crypt:2)
  A bullfrog simulacrum (D:9)
  A deep dwarf skeleton (Crypt:1)
  2 tengu skeletons (Crypt:3)
  2 hound zombies (D:11)
  2 hound skeletons (D:7)
  2 mummies (Ossuary)
  A howler monkey zombie (D:11)
  3 worker ant zombies
  A howler monkey skeleton (D:10)
  15 gnolls
  21 adders
  A swamp drake skeleton (Crypt:1)
  An ogre simulacrum (Orc:1)
  4 shadow imps
  3 adder zombies (Ossuary)
  4 adder skeletons
  5 worms
  7 leopard geckos
  109 orcs
  5 ball pythons
  4 giant cockroaches
  9 goblins
  7 hobgoblins
  4 jackals (D:10)
  24 kobolds
  7 quokkas
  8 bats
  7 frilled lizards
  A gnoll skeleton (Crypt:1)
  A goblin zombie (Ossuary)
  11 hobgoblin zombies (Ossuary)
  9 kobold zombies (Ossuary)
  2 leopard gecko skeletons (D:4)
  11 orc zombies
  A quokka zombie (D:7)
  8 rats
  A rat zombie (Ossuary)
  4 briar patches (Swamp:2)
  A fungus (Lair:6)
2475 creatures vanquished.

Vanquished Creatures (others)
  A fire giant (Depths:2)
  A stone giant (Depths:1)
  A deep troll shaman (Depths:1)
  An ogre mage (Vaults:5)
  A deep elf knight (Vaults:4)
  A hell knight (Depths:5)
  A spriggan druid (Swamp:4)
  A deep elf mage (Elf:2)
  A naga mage (Snake:4)
  A tengu conjurer (Depths:1)
  2 hornets
  A bog body (Swamp:3)
  2 spriggans (Swamp:4)
  A human (Swamp:4)
  A spectral troll (Orc:1)
  A swamp drake (Swamp:4)
  3 ogres
  A necrophage (Crypt:3)
  A hound (D:6)
  2 orc wizards
  3 orcs
  A kobold (D:11)
  A briar patch (Swamp:2)
  25 fungi
  11 plants
66 creatures vanquished.

Grand Total: 2541 creatures vanquished

Notes
Turn   | Place    | Note
-------+----------+-------------------------------------------
     0 | D:1      | Peloso the Minotaur Fighter began the quest for the Orb.
     0 | D:1      | Reached XP level 1. HP: 19/19 MP: 0/0
   109 | D:1      | Gained mutation: You are resistant to hostile enchantments.
                  | (MR+) [potion of mutation]
   109 | D:1      | Gained mutation: You are agile. (Dex +2) [potion of
                  | mutation]
   109 | D:1      | Gained mutation: You are robust. (+10% HP) [potion of
                  | mutation]
   109 | D:1      | Gained mutation: Your mind is acute. (Int +2) [potion of
                  | mutation]
   267 | D:1      | Reached XP level 2. HP: 27/29 MP: 1/1
   915 | D:2      | Found a bloodstained altar of Trog.
   963 | D:2      | Reached XP level 3. HP: 23/36 MP: 2/2
  1575 | D:2      | Reached XP level 4. HP: 37/44 MP: 3/3
  1830 | D:3      | Found a faded altar of an unknown god.
  2103 | D:3      | Reached skill level 1 in Dodging
  2307 | D:3      | Found a blossoming altar of Fedhas.
  2346 | D:3      | Reached XP level 5. HP: 50/50 MP: 4/4
  2809 | D:3      | Reached skill level 5 in Armour
  2861 | D:4      | Reached skill level 5 in Shields
  2992 | D:4      | Reached XP level 6. HP: 57/58 MP: 5/5
  3101 | D:4      | Found a hide-covered altar of Uskayaw.
  3101 | D:4      | Found a snail-covered altar of Cheibriados.
  3102 | D:4      | Found a shadowy altar of Dithmenos.
  3267 | D:4      | Reached skill level 5 in Long Blades
  3694 | D:5      | Entered Level 5 of the Dungeon
  3704 | D:5      | Reached XP level 7. HP: 66/66 MP: 6/6
  3723 | D:5      | Reached skill level 5 in Fighting
  3843 | D:5      | Found a staircase to the Ecumenical Temple.
  3880 | Temple   | Entered the Ecumenical Temple
  4289 | D:5      | Found a runed translucent door.
  4290 | D:5      | Noticed Crazy Yiuf
  4681 | D:5      | Killed Crazy Yiuf
  4720 | D:6      | Noticed a hungry ghost
  4755 | D:6      | Killed a hungry ghost
  4763 | D:6      | Reached XP level 8. HP: 76/77 MP: 7/7
  4812 | D:6      | Found a sand-covered staircase.
  4817 | Ossuary  | Entered an ossuary
  6176 | D:7      | Reached XP level 9. HP: 66/82 MP: 8/8
  6713 | D:7      | Found a shimmering blue altar of Sif Muna.
  6804 | D:7      | Reached skill level 10 in Shields
  7037 | D:7      | Found a sacrificial altar of Ru.
  7067 | D:7      | Found an iron altar of Okawaru.
  7079 | D:7      | Found a sparkling altar of Nemelex Xobeh.
  7091 | D:7      | Became a worshipper of Warmaster Okawaru
  7240 | D:8      | Reached skill level 10 in Long Blades
  7257 | D:8      | Reached XP level 10. HP: 70/94 MP: 9/9
  7438 | D:8      | Found a staircase to the Lair.
  7445 | D:8      | Reached * piety under Okawaru
  7849 | D:8      | Reached skill level 1 in Stealth
  8552 | D:9      | Reached ** piety under Okawaru
  8562 | D:9      | Found a shimmering altar of Xom.
  8707 | D:9      | Found a runed translucent gate.
  8707 | D:9      | Found a runed translucent gate.
  8707 | D:9      | Found a runed translucent gate.
  8711 | D:9      | Found the brooch of Shielding {Spirit SH+8}
  8711 | D:9      | Noticed wojtek's ghost (novice DsGl)
  8731 | D:9      | Found a radiant altar of Vehumet.
  8858 | D:9      | Found a shimmering altar of Xom.
  8974 | D:9      | Found a stormy altar of Qazlal.
  8999 | D:9      | Found a hazy altar of Hepliaklqana.
  9000 | D:9      | Found a shimmering altar of Xom.
  9364 | D:10     | Entered Level 10 of the Dungeon
  9411 | D:10     | Identified a scroll of acquirement
  9481 | D:10     | Got a glimmering ring mail
  9492 | D:10     | Identified the +5 ring mail "Imiqoenwi" {rCorr} (You found
                  | it on level 10 of the Dungeon)
 10391 | D:11     | Found a white marble altar of Elyvilon.
 10467 | D:11     | Reached XP level 11. HP: 100/104 MP: 10/10
 10504 | D:11     | Reached *** piety under Okawaru
 10567 | D:11     | Noticed a two-headed ogre
 10576 | D:11     | Killed a two-headed ogre
 10672 | D:11     | Noticed a brown ugly thing
 10706 | D:11     | Killed a brown ugly thing
 10912 | D:11     | Found a blossoming altar of Fedhas.
 10914 | D:11     | Noticed an oklob plant
 10914 | D:11     | Noticed an oklob plant
 10937 | D:11     | Killed an oklob plant
 10937 | D:11     | Reached skill level 1 in Invocations
 11323 | D:11     | Killed an oklob plant
 11323 | D:11     | Reached **** piety under Okawaru
 11479 | D:11     | Noticed a two-headed ogre
 11492 | D:11     | Killed a two-headed ogre
 11492 | D:11     | Reached skill level 5 in Dodging
 12159 | D:11     | Found a staircase to the Orcish Mines.
 12225 | D:11     | Noticed a cyan ugly thing
 12238 | D:11     | Killed a cyan ugly thing
 12626 | D:12     | Noticed an eight-headed hydra
 12770 | Lair:1   | Entered Level 1 of the Lair of Beasts
 12788 | Lair:1   | Noticed a four-headed hydra
 12807 | D:8      | Reached ***** piety under Okawaru
 12942 | D:8      | Killed a 13-headed hydra
 12944 | D:8      | Reached XP level 12. HP: 102/115 MP: 11/11
 13248 | Lair:1   | Received a gift from Okawaru
 13624 | Lair:2   | Found a runed translucent gate.
 13624 | Lair:2   | Found a runed translucent gate.
 13756 | Lair:2   | Found a staircase to the Swamp.
 13896 | Lair:2   | Received a gift from Okawaru
 13910 | Lair:2   | Got a pair of encrusted boots {god gift}
 13916 | Lair:2   | Identified the +1 pair of boots of Crawling {rPois rC-
                  | rCorr Int+3} (Okawaru gifted it to you on level 2 of the
                  | Lair of Beasts)
 14189 | Lair:2   | Found a staircase to the Snake Pit.
 14293 | Lair:2   | Found a runed translucent gate.
 14295 | Lair:2   | Noticed Qoesoec's ghost (journeyman GrFi)
 14297 | Lair:2   | Found a viscous altar of Jiyva.
 14817 | Lair:3   | Reached skill level 10 in Fighting
 15365 | Lair:4   | Identified the +4 trident "Querue" {chaos, +Inv Int+3 SInv
                  | Stlth+}
 15372 | Lair:4   | Identified the +10 spear "Womn" {protect, rPois rF- Dex+4}
 15373 | Lair:4   | Noticed Kuerar's ghost (journeyman BaFi)
 15374 | Lair:4   | Found a bloodstained altar of Trog.
 15390 | Lair:4   | Found a transporter.
 15399 | Lair:4   | Found a transporter.
 16449 | D:9      | Killed wojtek's ghost
 16460 | D:9      | Reached XP level 13. HP: 121/125 MP: 12/12
 17264 | D:13     | Found a gate to the Vaults.
 17264 | D:13     | Noticed Urug
 17422 | D:12     | Reached skill level 15 in Shields
 17860 | D:13     | Killed Urug
 17860 | D:13     | Received a gift from Okawaru
 18850 | Orc:1    | Entered Level 1 of the Orcish Mines
 19228 | Orc:1    | Found a runed translucent gate.
 19228 | Orc:1    | Found a runed translucent gate.
 19228 | Orc:1    | Found a runed translucent gate.
 19228 | Orc:1    | Noticed Segg's ghost (adept GnSk)
 19653 | Orc:2    | Entered Level 2 of the Orcish Mines
 19859 | Orc:1    | Received a gift from Okawaru
 20426 | Orc:2    | Noticed an orc warlord
 20555 | Orc:1    | Killed an orc warlord
 20850 | Orc:2    | Found a staircase to the Elven Halls.
 20941 | Orc:2    | Found a roughly hewn altar of Beogh.
 20973 | Orc:2    | Found a roughly hewn altar of Beogh.
 21087 | Orc:2    | Found Soniso's General Store.
 21105 | Orc:2    | Received a gift from Okawaru
 21120 | Orc:2    | Got a pair of ichor-stained boots {god gift}
 21130 | Orc:2    | Noticed an orc warlord
 21164 | Orc:2    | Reached ****** piety under Okawaru
 21201 | Orc:2    | Killed an orc warlord
 21201 | Orc:2    | Reached skill level 15 in Long Blades
 21602 | Orc:2    | Found Negitag's Assorted Antiques.
 21800 | Orc:2    | Found Eblyxt's Jewellery Boutique.
 21806 | Orc:2    | Bought the amulet of the Quahog {rElec rPois Regen+ MP-9
                  | SInv} for 335 gold pieces
 21806 | Orc:2    | Bought the ring of the Sun {rN+ Dex+4 SInv} for 396 gold
                  | pieces
 21879 | Orc:2    | Found Umeos's Antique Armour Boutique.
 21894 | Orc:2    | Found Peemut's Antique Weapon Boutique.
 22106 | Orc:2    | Identified the +0 pair of boots of Dawn {*Drain rCorr
                  | Dex+2} (Okawaru gifted it to you on level 2 of the Orcish
                  | Mines)
 22157 | Orc:2    | Bought a shiny tower shield for 210 gold pieces
 22174 | Orc:2    | Bought a shiny tower shield for 210 gold pieces
 22357 | Orc:1    | Reached skill level 10 in Armour
 22382 | Orc:1    | Killed Segg's ghost
 22382 | Orc:1    | Reached XP level 14. HP: 125/136 MP: 5/14
 22699 | Lair:2   | Killed Qoesoec's ghost
 23858 | D:14     | Received a gift from Okawaru
 23870 | D:14     | Got an ancient hat {god gift}
 23881 | D:14     | Identified the +1 hat of Biaraloq {+Blink SInv} (Okawaru
                  | gifted it to you on level 14 of the Dungeon)
 24345 | D:15     | Entered Level 15 of the Dungeon
 24509 | D:15     | Found a staircase to the Depths.
 25718 | Lair:5   | Found a gate leading to a gauntlet.
 25727 | Gauntlet | Entered a Gauntlet
 25727 | Gauntlet | Found a transporter.
 25730 | Gauntlet | Found a large runed translucent door.
 25731 | Gauntlet | Found a large runed translucent door.
 25732 | Gauntlet | Found a large runed translucent door.
 25732 | Gauntlet | Found a large runed translucent door.
 25732 | Gauntlet | Found a runed translucent door.
 25732 | Gauntlet | Found a runed translucent door.
 25733 | Gauntlet | Found a large runed translucent door.
 25734 | Gauntlet | Found a large runed translucent door.
 25735 | Gauntlet | Found a large runed translucent door.
 25735 | Gauntlet | Found a large runed translucent door.
 25736 | Gauntlet | Found a large runed translucent door.
 25736 | Gauntlet | Found a large runed translucent door.
 25736 | Gauntlet | Found a large runed translucent door.
 25736 | Gauntlet | Found a large runed translucent door.
 25737 | Gauntlet | Found a large runed translucent door.
 25737 | Gauntlet | Found a large runed translucent door.
 25738 | Gauntlet | Found a large runed translucent door.
 25738 | Gauntlet | Found a large runed translucent door.
 25740 | Gauntlet | Found a transporter.
 25742 | Gauntlet | Found a transporter.
 25744 | Gauntlet | Found a transporter.
 25770 | Gauntlet | Found a transporter.
 25772 | Gauntlet | Found a transporter.
 25783 | Gauntlet | Found a transporter.
 25799 | Gauntlet | Found a transporter.
 25807 | Gauntlet | Found a transporter.
 25823 | Gauntlet | Found a transporter.
 25842 | Gauntlet | Found a transporter.
 25888 | Gauntlet | Found a transporter.
 25915 | Gauntlet | Found a transporter.
 25938 | Gauntlet | Found a transporter.
 25944 | Gauntlet | Found a transporter.
 25965 | Gauntlet | Found a transporter.
 25966 | Gauntlet | Noticed an entropy weaver
 25980 | Gauntlet | Found a transporter.
 25989 | Gauntlet | Found the +8 longbow "Zephyr" {speed, Dex+3 SInv}
 25999 | Gauntlet | Found a transporter.
 26001 | Gauntlet | Found a runed translucent gate.
 26001 | Gauntlet | Found a runed translucent gate.
 26001 | Gauntlet | Found a runed translucent gate.
 26045 | Gauntlet | Reached XP level 15. HP: 130/147 MP: 3/15
 26168 | Gauntlet | Got a faintly glowing golden ring
 26170 | Gauntlet | Identified the ring of Zisufuth {rF+ rN+} (You found it in
                  | a Gauntlet)
 26310 | Lair:5   | Found a frozen archway.
 26329 | IceCv    | Entered an ice cave
 26758 | IceCv    | Received a gift from Okawaru
 26836 | IceCv    | Identified a +1 pair of boots of running (You found it in a
                  | Gauntlet)
 26937 | IceCv    | Got a scorched bronze ring
 26939 | IceCv    | Identified the ring of Suspected Treachery {*Corrode +Inv
                  | rF+ Dex+3} (You found it in an ice cave)
 27754 | Lair:4   | Killed Kuerar's ghost
 29061 | Lair:6   | Entered Level 6 of the Lair of Beasts
 29190 | Lair:6   | Received a gift from Okawaru
 29470 | Lair:6   | Got a fine jade ring
 29478 | Lair:6   | Identified the ring "Atusacw" {rC+ rN+ Str-4 Dex+2 SInv}
                  | (You found it on level 6 of the Lair of Beasts)
 30062 | Lair:6   | Found a viscous altar of Jiyva.
 30063 | Lair:6   | Found a staircase to the Slime Pits.
 30288 | Swamp:1  | Entered Level 1 of the Swamp
 30668 | Swamp:1  | Reached XP level 16. HP: 109/158 MP: 7/16
 31493 | Swamp:2  | Received a gift from Okawaru
 31702 | Swamp:2  | Noticed a thorn hunter
 31716 | Swamp:2  | Killed a thorn hunter
 31717 | Swamp:2  | Noticed a thorn hunter
 31726 | Swamp:2  | Killed a thorn hunter
 31742 | Swamp:2  | Noticed a thorn hunter
 31759 | Swamp:2  | Killed a thorn hunter
 31920 | Swamp:2  | Noticed a thorn hunter
 31926 | Swamp:2  | Noticed a thorn hunter
 31941 | Swamp:2  | Killed a thorn hunter
 31948 | Swamp:2  | Killed a thorn hunter
 32564 | Swamp:2  | Noticed a thorn hunter
 32573 | Swamp:2  | Killed a thorn hunter
 32743 | Swamp:3  | Noticed a thorn hunter
 32756 | Swamp:3  | Killed a thorn hunter
 32788 | Swamp:3  | Received a gift from Okawaru
 33104 | Swamp:3  | Got a shimmering scimitar {god gift}
 33107 | Swamp:3  | Identified the +8 scimitar "Thing" {venom, rF+ Dex+3}
                  | (Okawaru gifted it to you on level 3 of the Swamp)
 33888 | Swamp:4  | Entered Level 4 of the Swamp
 33888 | Swamp:4  | Noticed Donald
 33900 | Swamp:4  | Killed Donald
 34571 | Swamp:4  | Noticed Mara
 34580 | Swamp:4  | Noticed Peloso's illusion
 34860 | Swamp:4  | Noticed Peloso's illusion
 34879 | Swamp:4  | Killed Mara
 34879 | Swamp:4  | Reached XP level 17. HP: 131/169 MP: 6/18
 34929 | Swamp:4  | Noticed Kirke
 34939 | Swamp:4  | Killed Kirke
 34939 | Swamp:4  | Received a gift from Okawaru
 35084 | Swamp:4  | Reached skill level 15 in Fighting
 35115 | Swamp:4  | Noticed the 27-headed Lernaean hydra
 35441 | Swamp:4  | Killed the 23-headed Lernaean hydra
 36391 | Swamp:4  | Got a decaying rune of Zot
 36649 | Snake:1  | Entered Level 1 of the Snake Pit
 36755 | Snake:1  | You fall into a shaft and drop 1 floor!
 36902 | Snake:2  | Received a gift from Okawaru
 38298 | Snake:3  | Found a stormy altar of Qazlal.
 38357 | Snake:3  | Reached XP level 18. HP: 102/182 MP: 10/19
 39094 | Snake:4  | Entered Level 4 of the Snake Pit
 39131 | Snake:4  | Received a gift from Okawaru
 40271 | Snake:4  | Received a gift from Okawaru
 41000 | Snake:4  | Received a gift from Okawaru
 41282 | Snake:4  | Got a serpentine rune of Zot
 42066 | Elf:1    | Entered Level 1 of the Elven Halls
 42254 | Elf:1    | Noticed Frances
 42257 | Elf:1    | Killed Frances
 42331 | Elf:1    | Reached XP level 19. HP: 191/191 MP: 11/20
 42458 | Elf:1    | Reached skill level 15 in Armour
 42539 | Elf:1    | Received a gift from Okawaru
 42854 | Elf:1    | Found a portal to a secret trove of treasure.
 43025 | Elf:1    | Noticed Azrael
 43053 | Elf:1    | Killed Azrael
 43236 | Orc:2    | Bought a potion of might for 84 gold pieces
 43298 | Orc:2    | Bought a scroll of blinking for 112 gold pieces
 43914 | Elf:2    | Found a huge runed translucent gate.
 43914 | Elf:2    | Found a huge runed translucent gate.
 43914 | Elf:2    | Found a huge runed translucent gate.
 43914 | Elf:2    | Found a huge runed translucent gate.
 43915 | Elf:2    | Found a huge runed translucent gate.
 44349 | Elf:3    | Entered Level 3 of the Elven Halls
 44582 | Elf:3    | Received a gift from Okawaru
 44585 | Elf:3    | Got a dazzling plate armour {god gift}
 44784 | Elf:2    | Identified the +1 plate armour of Imperfection {Int+5 SInv}
                  | (Okawaru gifted it to you on level 3 of the Elven Halls)
 45684 | Elf:3    | Lost mutation: You are robust. (+10% HP) [a neqoxec]
 45890 | Elf:3    | Identified the +5 plate armour of Follow the Leader {Dex+4
                  | SInv}
 45890 | Elf:3    | Identified the ring of Ovachuck {Ice rPois MR- Str+9 Dex-3}
 45966 | Elf:3    | Identified the +10 spear "Vurphoch" {vamp, MP-9 Int+4}
 46224 | Elf:3    | Identified the +1 spear of Fragile Peace {vorpal, rC+ rN+
                  | Dex-3 Stlth+}
 46248 | Elf:3    | Reached XP level 20. HP: 133/187 MP: 12/21
 46750 | Elf:2    | Received a gift from Okawaru
 46753 | Elf:2    | Got a smoking scimitar {god gift}
 47069 | Elf:2    | Identified the +6 scimitar "Yzxedd" {freeze, Dex+4}
                  | (Okawaru gifted it to you on level 2 of the Elven Halls)
 47495 | Vaults:1 | Entered Level 1 of the Vaults
 48937 | Vaults:2 | Received a gift from Okawaru
 49280 | Vaults:2 | Identified the cursed +1 broad axe of Regicide {elec,
                  | +Rage}
 49505 | Vaults:2 | Found a staircase to the Crypt.
 50569 | Vaults:3 | Noticed Mennas
 50597 | Vaults:3 | Killed Mennas
 50773 | Vaults:3 | Reached XP level 21. HP: 195/195 MP: 13/22
 50839 | Vaults:3 | Found Coyxunaim's Jewellery Shoppe.
 50933 | Vaults:3 | Received a gift from Okawaru
 51209 | Vaults:3 | Noticed Aizul
 51220 | Vaults:3 | Killed Aizul
 51306 | Vaults:3 | Noticed Margery
 51326 | Vaults:3 | Killed Margery
 52312 | Vaults:4 | Noticed Bai Suzhen
 52323 | Vaults:4 | Killed Bai Suzhen
 52402 | Vaults:4 | Reached skill level 27 in Shields
 52751 | Vaults:4 | Received a gift from Okawaru
 53237 | Vaults:5 | Entered Level 5 of the Vaults
 53572 | Vaults:4 | Received a gift from Okawaru
 53653 | Vaults:4 | Reached XP level 22. HP: 156/209 MP: 14/23
 54242 | Vaults:4 | HP: 6/210 [shadow dragon (12)]
 54300 | Vaults:4 | Received a gift from Okawaru
 54820 | Vaults:5 | Noticed an ancient lich
 54937 | Vaults:5 | Identified the +7 hand axe of Dominance {vorpal, Dex+4}
 55227 | Vaults:4 | Killed an ancient lich
 55676 | Vaults:4 | Received a gift from Okawaru
 55907 | Vaults:5 | Identified the +7 short sword "Voicress" {elec, rPois}
 56147 | Vaults:4 | Received a gift from Okawaru
 56728 | Vaults:5 | Identified the Disquisition on the Earthen Frostbite
 56801 | Vaults:5 | Noticed a golden dragon
 56803 | Vaults:5 | Reached XP level 23. HP: 213/221 MP: 16/25
 56938 | Vaults:5 | Got a silver rune of Zot
 58295 | Crypt:1  | Entered Level 1 of the Crypt
 59321 | Crypt:1  | Noticed Jory
 59338 | Crypt:1  | Killed Jory
 59350 | Crypt:1  | Received a gift from Okawaru
 59899 | Crypt:1  | Received a gift from Okawaru
 60711 | Crypt:2  | Noticed Frederick
 60719 | Crypt:2  | Killed Frederick
 61782 | Crypt:3  | Entered Level 3 of the Crypt
 61955 | Crypt:3  | Received a gift from Okawaru
 62304 | Crypt:3  | Noticed Saint Roka
 62336 | Crypt:3  | Killed Saint Roka
 62728 | Crypt:3  | Received a gift from Okawaru
 62781 | Crypt:3  | Identified the Tome of Companions
 62995 | Crypt:3  | Reached XP level 24. HP: 234/234 MP: 25/25
 63052 | Crypt:3  | Found the +6 arbalest "Damnation" {damnation}
 63055 | Crypt:3  | Got a coiled ivory ring
 63116 | Crypt:3  | Identified the cursed ring "Fothiel" {EV-4 Int+4 Dex+3
                  | Stlth+} (You found it on level 3 of the Crypt)
 63533 | Crypt:3  | Found a staircase to the Tomb.
 63569 | Crypt:3  | Found a runed translucent gate.
 63569 | Crypt:3  | Found a runed translucent gate.
 63569 | Crypt:3  | Found a runed translucent gate.
 63569 | Crypt:3  | Noticed Woadakig's ghost (veteran FoFi)
 63723 | Crypt:3  | Received a gift from Okawaru
 64129 | Crypt:3  | Killed Woadakig's ghost
 64137 | Crypt:3  | Got a faintly glowing silver ring
 64139 | Crypt:3  | Identified the ring of the Dragon {rElec rN+ Dex+4 Slay+2}
                  | (You found it on level 3 of the Crypt)
 64470 | Depths:1 | Entered Level 1 of the Depths
 64693 | Depths:1 | Paralysed by a floating eye for 2 turns
 64702 | Depths:1 | Paralysed by a floating eye for 2 turns
 64709 | Depths:1 | Identified the +3 arbalest "Qawask" {penet, Str+7 Int+3}
 64715 | Depths:1 | Paralysed by a floating eye for 4 turns
 64795 | Depths:1 | Reached skill level 5 in Invocations
 64947 | Depths:1 | Found Leacudee's Armour Boutique.
 64960 | Depths:1 | Found Goiram's Food Shop.
 65459 | Depths:1 | Received a gift from Okawaru
 65486 | Depths:1 | Got a steaming long sword {god gift}
 65487 | Depths:1 | Identified the +10 long sword of Yrchaf {freeze, MP+9
                  | Str+5} (Okawaru gifted it to you on level 1 of the Depths)
 65694 | Depths:1 | Found a gateway to Hell.
 67500 | Depths:2 | Noticed a juggernaut
 67504 | Depths:2 | Received a gift from Okawaru
 67512 | Depths:2 | Killed a juggernaut
 67656 | Depths:2 | Noticed a juggernaut
 67701 | Depths:2 | Killed a juggernaut
 68179 | Depths:2 | Reached XP level 25. HP: 246/246 MP: 25/25
 69277 | Depths:3 | Found Ver Enutiom's Magic Scroll Boutique.
 69299 | Depths:3 | Bought a scroll of magic mapping for 63 gold pieces
 69299 | Depths:3 | Bought a scroll of magic mapping for 63 gold pieces
 69299 | Depths:3 | Bought a scroll of magic mapping for 63 gold pieces
 69299 | Depths:3 | Bought a scroll of teleportation for 54 gold pieces
 69299 | Depths:3 | Bought a scroll of enchant armour for 135 gold pieces
 69446 | Depths:3 | Received a gift from Okawaru
 69686 | Depths:3 | Noticed Asterion
 69712 | Depths:3 | Killed Asterion
 70123 | Depths:3 | Found a one-way gate leading to the halls of Pandemonium.
 71147 | Depths:4 | Reached skill level 5 in Stealth
 71212 | Depths:4 | Found a gateway to a ziggurat.
 71230 | Depths:4 | Received a gift from Okawaru
 71247 | Depths:4 | Got a pair of faintly glowing gloves {god gift}
 71248 | Depths:4 | Identified the +1 pair of gloves "Elidalah" {Regen+}
                  | (Okawaru gifted it to you on level 4 of the Depths)
 71550 | Depths:4 | Found a one-way gate to the infinite horrors of the Abyss.
 71629 | Depths:4 | Noticed the Enchantress
 71648 | Depths:4 | Killed the Enchantress
 71786 | Depths:4 | Noticed a juggernaut
 71795 | Depths:4 | Killed a juggernaut
 72220 | Depths:4 | Reached XP level 26. HP: 260/260 MP: 25/25
 72237 | Depths:4 | Found the +0 sword of Power
 73129 | Depths:5 | Entered Level 5 of the Depths
 73189 | Depths:5 | Found a transporter.
 73190 | Depths:5 | Noticed Ykky's ghost (adept VSGl)
 73197 | Depths:5 | Noticed a juggernaut
 73202 | Depths:5 | Received a gift from Okawaru
 73219 | Depths:5 | Found a transporter.
 75262 | Depths:5 | Reached skill level 1 in Evocations
 75766 | Depths:5 | Reached skill level 27 in Long Blades
 75777 | Depths:5 | Received a gift from Okawaru
 75812 | Depths:5 | Found a gate to the Realm of Zot.
 76363 | Depths:5 | Reached skill level 27 in Fighting
 76389 | Depths:5 | Killed a juggernaut
 76402 | Depths:5 | Killed Ykky's ghost
 76651 | Zot:1    | Entered Level 1 of the Realm of Zot
 76653 | Zot:1    | Found a transporter.
 77268 | Zot:1    | HP: 3/265 [black draconian/+0 battleaxe (16)]
 77276 | Zot:1    | HP: 8/266 [red draconian monk (34)]
 77276 | Zot:1    | Slain by a black draconian

Illustrated notes

Levels and vault maps discovered:
D:1:      dpeg_arrival_stone_temple_mockup, layout_basic
D:2:      layout_basic, trog_book
D:3:      minmay_bubble_buster, layout_loops_cross, fedhas_altar_3,
          chequers_ecumenical_altar_simple_redux, first_ration
D:4:      layout_basic, gammafunk_temple_overflow_forgotten
D:5:      layout_loops_ring, minmay_temple_entry_overgrown,
          minmay_misc_feat_secret_circle, chequers_big_river,
          uniq_crazy_yiuf_cottage
D:6:      layout_rooms, enter_ossuary_2, lemuel_flame_loot_1
D:7:      layout_rooms, nicolae_overflow_quartered_altars, grunt_livestock,
          hangedman_minor_gate_pass
D:8:      layout_layer_cave, due_lair_maze_entry_diamond
D:9:      layout_loops_ring, regret_index_temple_of_mockery, lemuel_round_altar,
          nicolae_qazlal_style_of_elements, gammafunk_ghost_necromancy,
          xom_redecorated
D:10:     layout_gridville
D:11:     layout_long_grid, david_orc_4, hangedman_tree_tricks,
          roderic_lattice_a, elyvilon_altar_1
D:12:     layout_roguey, st_stairs_11, due_unseen_surprise
D:13:     layout_cave_pools, david_vaults_3
D:14:     layout_irregular_city, chequers_garden, st_stairs_5
D:15:     hangedman_depths_entry_try_elsewhere_first, layout_loops_ring,
          chequers_serial_rivers_large_b, lightli_minifort
Temple:   eino_wide_crystal_templ
Lair:1:   layout_misc_corridors
Lair:2:   layout_regular_city, skrybe_swamp_entry_bodies,
          minmay_snake_entry_six_corridors, gammafunk_ghost_ooze,
          grunt_forest_large_clearings
Lair:3:   layout_cave_pods, nicolae_quartered_pool_super
Lair:4:   layout_gridlike, gammafunk_ghost_wrathful_warriors
Lair:5:   layout_regular_city, gauntlet_entry_generic,
          portal_ice_cave_demonic_guard
Lair:6:   minmay_lair_end_enchanted_forest, layout_big_grid,
          dpeg_slime_entry_enclosed_altar, serial_bayou_crossing,
          lemuel_fruit_fields
Swamp:1:  layout_falls_marsh, serial_swamp_ruin, evilmike_swamp_ruin_house_1,
          evilmike_swamp_ruin_rubble_1
Swamp:2:  nicolae_swamp_phyte_club, layout_basic_swamp,
          evilmike_swamp_ruin_house_3, infiniplex_staircase_pool
Swamp:3:  layout_falls_marsh, evilmike_swamp_ruin_house_4
Swamp:4:  swamp_old_school, layout_basic_swamp, swamp_pool1, kb_tengu_band,
          uniq_kirke, uniq_mara, uniq_donald
Snake:1:  layout_rooms, special_room, serial_bayou_shore_a
Snake:2:  layout_rooms, st_stairs_7, nicolae_snake_lava_pool, grunt_megastairs_4
Snake:3:  layout_concentric_octagons, drop_trap, lemuel_oklob_altar
Snake:4:  snake_pit_salamanders_mu, layout_cave_town, drop_trap
Orc:1:    layout_caves, gammafunk_ghost_necromancy
Orc:2:    grunt_orc_cross, layout_caves, serial_shops, shop, mines1_david
Elf:1:    minmay_elf_arrival_circle, layout_geoelf_octagon,
          nicolae_trove_entry_free_sample, minivault_28, uniq_azrael,
          uniq_frances
Elf:2:    layout_geoelf_octagon
Elf:3:    minmay_elf_hall_dome, layout_geoelf_castle, grunt_ministairs_3
Vaults:1: nicolae_vaults_border_crossing, nicolae_vaults_triangles, v_misc_1,
          hangedman_vaults_corner_blocks, st_lines, nicolae_vaults_rhombus_6,
          ontoclasm_vaults_eye, ontoclasm_vaults_shuriken, v_misc_19,
          nicolae_vaults_little_squares_6, vaults_mumra_lcd,
          layout_vaults_big_room
Vaults:2: vaults_room_stairs_pillars, ontoclasm_vaults_ring_small,
          vaults_mumra_chevron, nicolae_vaults_theta,
          minmay_crypt_entry_simple_plaza, vaults_dpeg_ring,
          nicolae_vaults_back_hallway, vaults_room_pools, vaults_dpeg_doors,
          grunt_vaults_twisty, v_misc_11, vaults_room_pool,
          nicolae_vaults_ring_of_whatevers, layout_vaults_ring
Vaults:3: v_alt_pattern_3, vaults_dpeg_hooks, vaults_room_large_hall,
          vaults_room_large_hall, v_misc_16, vaults_room_large_hall,
          vaults_room_pool, layout_vaults_omnigrid, serial_shops,
          nicolae_shop_stone, uniq_aizul, uniq_mennas, uniq_margery
Vaults:4: v_misc_33, nicolae_vaults_big_angled_halls, hangedman_vaults_pinch,
          vaults_room_semicircle, nicolae_vaults_disjoint_gnomons,
          nicolae_vaults_big_ls, v_misc_17, grunt_vaults_hallway_long,
          v_misc_30, vaults_mumra_hex, v_alt_pattern_1, layout_vaults_omnibox,
          uniq_bai_suzhen
Vaults:5
Crypt:1:  layout_misc_corridors, uniq_jory
Crypt:2:  layout_catacombs, uniq_frederick
Crypt:3:  due_elkab, layout_chaotic_city, ebering_ghost_rock_garden,
          st_stairs_3, uniq_saint_roka
Depths:1: layout_long_grid, hell_entry, chequers_serial_rivers_micro_c,
          onia_ninara_cookie, grunt_megastairs_1, minmay_shoptagon
Depths:2: hangedman_box_tower, layout_twisted_cross, pf_dread_powers_of_hell
Depths:3: minmay_distorted_concentric_squares, layout_gridlike,
          grunt_hell_entry_dis_old, pan_entry, serial_shops, shop,
          minmay_misc_feat_five, onia_ninara_dug_in_and_dangerous,
          minmay_staircase_bubble, uniq_asterion
Depths:4: kennysheep_large_spiral, layout_gridlike, enter_ziggurat_a,
          hell_entry, marbit_kobold_abyss_entry, minmay_crystal_water,
          serial_sigils_hangedman_writhe, serial_bayou_pond_e,
          infiniplex_staircase_pillars_1, uniq_enchantress
Depths:5: grunt_bruiser_brothers, layout_basic, hell_entry,
          gammafunk_ghost_arena
Zot:1:    gammafunk_its_a_trap, layout_cathedral_of_symmetry, grunt_megastairs_2

Skill      XL: |  1  2  3  4  5  6  7  8  9 10 11 12 13 14 15 16 17 18 19 20 21 22 23 24 25 26 |
---------------+-------------------------------------------------------------------------------+-----
Armour         | 4 5 6 7 8 9 10 11 12 13 14 15 16 17 18 19 20 21 23 | 23.2
Fighting       | 4 5 6 7 8 9 10 11 12 13 14 15 16 17 18 20 21 23 24 26 27 | 27.0
Shields        | 4 5 6 7 10 11 13 14 16 18 19 21 22 24 25 26 27 | 27.0
Long Blades    | 3 4 5 6 8 10 11 12 14 15 16 17 18 19 20 21 22 24 25 26 27 | 27.0
Dodging        | 1 2 4 5 7 8 9 |  9.2
Stealth        | 1 2 3 4 5 |  5.1
Invocations    | 1 2 3 4 5 6 |  6.1
Evocations     | 2 |  2.2

Action                   |  1- 3 |  4- 6 |  7- 9 | 10-12 | 13-15 | 16-18 | 19-21 | 22-24 | 25-27 || total
-------------------------+-------+-------+-------+-------+-------+-------+-------+-------+-------++-------
Melee: Long sword        |    86 |   165 |   495 |  1104 |   278 |       |       |       |       ||  2128
       Headbutt          |     7 |    38 |   124 |   343 |   464 |   423 |   458 |   661 |   362 ||  2880
       Double sword      |       |       |       |       |  1152 |  1412 |  1493 |  1680 |   962 ||  6699
Invok: Heroism           |       |       |       |    14 |    19 |     5 |     8 |    20 |     2 ||    68
       Finesse           |       |       |       |       |       |     1 |     1 |     1 |     2 ||     5
Evoke: Wand              |       |       |       |     1 |    11 |     3 |       |       |     7 ||    22
  Use: Potion            |     1 |       |       |     1 |     3 |     3 |     1 |     8 |     6 ||    23
       Scroll            |       |       |       |    14 |    19 |    15 |     6 |    16 |    10 ||    80
 Stab: Paralysed         |       |       |       |    12 |       |       |       |       |       ||    12
       Sleeping          |       |       |       |     4 |     1 |       |       |       |       ||     5
       Distracted        |       |       |       |       |     2 |       |       |       |     1 ||     3
       Confused          |       |       |       |       |       |     2 |       |       |     3 ||     5
  Eat: Chunk             |     2 |     7 |    12 |    29 |    38 |    26 |    37 |    28 |    26 ||   205
       Ration            |       |       |     2 |     1 |     3 |     4 |       |     6 |     1 ||    17
Armor: Scale mail        |    48 |    29 |       |       |       |       |       |       |       ||    77
       Chain mail        |       |    66 |   195 |    62 |       |       |       |       |       ||   323
       Ring mail         |       |       |       |   156 |    64 |       |       |       |       ||   220
       Plate armour      |       |       |       |       |   190 |       |       |       |       ||   190
       Gold dragon scale |       |       |       |       |   150 |   662 |   395 |   612 |   388 ||  2207
       Ice dragon scales |       |       |       |       |       |       |       |    38 |       ||    38
Dodge: Dodged            |    31 |    37 |   103 |   287 |   393 |   338 |   303 |   496 |   294 ||  2282
       Repelled          |       |       |       |       |       |    66 |    15 |       |       ||    81
Block: Kite shield       |    59 |    93 |   407 |   904 |   540 |       |       |       |       ||  2003
       Reflection        |       |       |     2 |    27 |    21 |       |       |       |       ||    50
       Tower shield      |       |       |       |       |  1056 |  1978 |  1851 |  2401 |  1193 ||  8479
       Rpst.: Long sword |     5 |     8 |    26 |    80 |    43 |       |       |       |       ||   162
       Double sword      |       |       |       |       |    56 |    44 |    64 |    76 |    46 ||   286
